 Dungeon Crawl Stone Soup version 0.17-a0-1014-g1ec2a3b (webtiles) character file.

46 digdugdiggy the Magician (level 3, -3/19 HPs)
             Began as a Deep Elf Wizard on May 13, 2015.
             Killed from afar by Natasha (4 damage)
             ... with a magic dart
             ... on level 2 of the Dungeon.
             The game lasted 00:02:23 (1688 turns).

digdugdiggy the Magician (Deep Elf Wizard)          Turns: 1688, Time: 00:02:23

Health: -3/19      AC:  3    Str:  5    XL:     3   Next: 46%
Magic:  11/11      EV:  7    Int: 22    God:
Gold:   15         SH:  0    Dex: 13    Spells: 3 memorised, 6 levels left

rFire  . . .     SeeInvis .     m - +0 spear
rCold  . . .     Clarity  .     a - +0 robe
rNeg   . . .     SustAb   .     (no shield)
rPois  .         Gourm    .     i - +0 helmet (curse)
rElec  .         Spirit   .     (no cloak)
rCorr  .         Warding  .     (no gloves)
rMut   .         Stasis   .     (no boots)
MR     .....                    (no amulet)
Stlth  ++........               (no ring)
                                (no ring)

@: not resistant to hostile enchantments, unstealthy
A: no striking features
a: no special abilities


You were on level 2 of the Dungeon.
You were not hungry.

You visited 1 branch of the dungeon, and saw 2 of its levels.

You collected 15 gold pieces.

Inventory:

Hand weapons
 m - a +0 spear (weapon)
Armour
 a - a +0 robe (worn)
 b - a +0 hat
 i - a cursed +0 helmet (worn)
Scrolls
 f - 4 scrolls of enchant armour {unknown}
 h - a scroll of amnesia {unknown}
 j - a scroll of remove curse {unknown}
Potions
 e - a potion of magic {unknown}
 g - a potion of haste {unknown}
 k - a potion of beneficial mutation {unknown}
 l - a potion of curing {unknown}
 n - a potion of might {unknown}
Books
 c - a book of Minor Magic

   Spells                             Type                      Level
   a - Magic Dart                     Conjuration                  1
   b - Blink                          Translocation                2
   c - Call Imp                       Summoning                    2
   d - Repel Missiles                 Charms/Air                   2
   e - Slow                           Hexes                        2
   f - Conjure Flame                  Conjuration/Fire             3
   g - Mephitic Cloud                 Conjuration/Poison/Air       3
Comestibles
 d - 2 bread rations
 o - a chunk of flesh


   Skills:
 - Level 2.4 Dodging
 - Level 2.4 Stealth
 + Level 4.8 Spellcasting
 * Level 3.4 Conjurations
   Level 1.1 Summonings
 - Level 1.1 Translocations


You had 6 spell levels left.
You knew the following spells:

 Your Spells              Type           Power        Failure   Level  Hunger
a - Magic Dart            Conj           ###.         2%          1    None
b - Blink                 Tloc           N/A          12%         2    None
c - Repel Missiles        Chrm/Air       #.....       17%         2    None


Dungeon Overview and Level Annotations

Branches:
Dungeon (2/15)

Altars:
Xom

Annotations:
D:2 Natasha, Sigmund


Message History

Sigmund and Natasha come into view.
Natasha hisses angrily.
Sigmund shouts!
There are monsters nearby!
There are monsters nearby!
There are monsters nearby!
Natasha drinks a potion.
Natasha suddenly seems more resistant.
Sigmund casts a spell.
Sigmund flickers and vanishes!
Deactivating autopickup; reactivate with Ctrl-A.
A magic dart appears from out of thin air!
The magic dart hits you!
Natasha mumbles some strange words.
A puff of flame appears from out of thin air!
The puff of flame hits you!
Ouch! That really hurt!
* * * LOW HITPOINT WARNING * * *
There is a stone staircase leading up here.
Natasha stares at you and mumbles some strange words.
The magic dart hits you!
You die...

#......# #..... #......#
#..... # #......# #.....
.. # #......# ##....
...#. #......# #.#.#
.....###......## #...#
...............#####..#.
####....#.#.......#...#.
..##.##@..#..#.##....##.
#.<.............#.......
####.##...#.............
.. #...#....#........
..# ##........##...... .
##.......#.#.....
##........#.##...
##..h..#....##.#..
#......#....#.#.#.


You could see Natasha.

Vanquished Creatures
  Terence (D:1)
  An ooze (D:1)
  2 giant geckos (D:1)
  A bat (D:1)
  A giant cockroach (D:1)
  A goblin (D:1)
  2 hobgoblins (D:1)
  A ball python (D:1)
  2 kobolds (D:1)
  4 rats (D:1)
16 creatures vanquished.

Notes
Turn   | Place    | Note
--------------------------------------------------------------
     0 | D:1      | digdugdiggy the Deep Elf Wizard began the quest for the Orb.
     0 | D:1      | Reached XP level 1. HP: 10/10 MP: 7/7
   110 | D:1      | Found a shimmering altar of Xom.
   246 | D:1      | Reached XP level 2. HP: 15/15 MP: 5/9
  1264 | D:1      | Learned a level 2 spell: Blink
  1269 | D:1      | Learned a level 2 spell: Repel Missiles
  1325 | D:2      | Noticed Terence
  1485 | D:1      | Killed Terence
  1485 | D:1      | Reached XP level 3. HP: 8/19 MP: 0/11
  1675 | D:2      | Noticed Natasha
  1675 | D:2      | Noticed Sigmund
  1688 | D:2      | Killed from afar by Natasha

Vault maps used:
D:1:      minmay_arrival_diagonal_passages, xom_teletrap_fun
D:2:      nicolae_overflow_hidden_temple, minmay_misc_feat_secret_circle,
          uniq_natasha, uniq_sigmund, uniq_terence

Action                   || total
-------------------------++-------
Melee: Club              ||     3
       Spear             ||     1
 Cast: Magic Dart        ||    51
       Blink             ||     2
  Eat: Chunk             ||     2
